 Dungeon Crawl Stone Soup version 0.22.1-1-ga44c0e56f4 (webtiles) character file.

664 Grim the Skirmisher (level 7, -21/57 HPs)
             Began as a Mummy Gladiator on Oct 20, 2018.
             Was a Follower of Kikubaaqudgha.
             Demolished by an ogre
             ... wielding a +0 giant club
              (23 damage)
             ... on level 5 of the Dungeon.
             The game lasted 00:09:53 (5974 turns).

Grim the Skirmisher (Mummy Gladiator)               Turns: 5974, Time: 00:09:53

Health: -21/57     AC:  4    Str: 17    XL:     7   Next: 31%
Magic:  7/7        EV: 12    Int:  9    God:    Kikubaaqudgha [*.....]
Gold:   250        SH:  0    Dex: 14    Spells: 1/6 levels left

rFire    x . .     SeeInvis .   a - +0 quarterstaff
rCold    + . .     Gourm    .   (shield currently unavailable)
rNeg     + + +     Faith    .   b - +0 leather armour
rPois    ∞         Spirit   .   c - +0 helmet
rElec    .         Reflect  .   (no cloak)
rCorr    .         Harm     .   (no gloves)
MR       .....                  (no boots)
Stlth    +.........             (no amulet)
HPRegen  0.19/turn              (no ring)
MPRegen  0.10/turn              (no ring)

@: no status effects
A: no food or potions, fire vulnerability, cold resistance 1, negative energy
resistance 3, torment resistance, unbreathing
a: Receive Corpses, Renounce Religion


You were on level 5 of the Dungeon.
You worshipped Kikubaaqudgha.
Kikubaaqudgha was aware of your devotion.
You were not hungry.

You visited 1 branch of the dungeon, and saw 5 of its levels.

You collected 250 gold pieces.

Inventory:

Hand Weapons
 a - a +0 quarterstaff (weapon)
Armour
 b - a +0 leather armour (worn)
 c - a +0 helmet (worn)
Scrolls
 e - 4 scrolls of magic mapping {unknown}
 f - 3 scrolls of enchant armour {unknown}
 g - 3 scrolls of remove curse {unknown}
 h - 2 scrolls of teleportation {unknown}
 i - a scroll of amnesia {unknown}
 j - 3 scrolls of identify {unknown}
 k - a scroll of blinking {unknown}
 l - a scroll of enchant weapon {unknown}
 m - a scroll of fog {unknown}
 n - a scroll of noise {unknown}
 o - a scroll of immolation {unknown}


   Skills:
 + Level 5.6 Fighting
 - Level 5.2 Staves
 - Level 1.5 Throwing
 - Level 2.4 Dodging
 + Level 1.9 Necromancy


You had one spell level left.
You knew the following spells:

 Your Spells              Type           Power        Failure   Level  Hunger
a - Pain                  Necr           #...         22%         1    N/A
b - Vampiric Draining     Necr           #.........   56%         3    N/A
c - Animate Skeleton      Necr           N/A          22%         1    N/A

Your spell library contained the following spells:

 Spells                   Type           Power        Failure   Level  Hunger
 Corpse Rot               Necr           N/A          34%         2    N/A

Dungeon Overview and Level Annotations

Branches:
Dungeon (5/15)             Temple (0/1) D:5

Altars:
Fedhas
Hepliaklqana
Kikubaaqudgha
Uskayaw
Vehumet
Zin

Shops:
D:4 !


Innate Abilities, Weirdness & Mutations

You do not eat or drink.
Your flesh is vulnerable to fire.
You are immune to poison.
Your flesh is cold resistant. (rC+)
You are immune to negative energy. (rN+++)
You are immune to unholy pain and torment.
You can survive without breathing.


Message History

You sock the ogre!
The ogre is moderately wounded.
The ogre hits you with a giant club!
Your leather armour prevents you from hitting the ogre.
The ogre is moderately wounded.
You hit the ogre.
The ogre is moderately wounded.
The ogre barely misses you.
You hit the ogre.
The ogre is heavily wounded.
The ogre misses you.
You hit the ogre.
The ogre is heavily wounded.
The ogre hits you with a giant club!!
* * * LOW HITPOINT WARNING * * *
You barely miss the ogre.
The ogre is heavily wounded.
The ogre hits you with a giant club!!
You die...
Kikubaaqudgha rasps: "You have failed me!
Welcome... oblivion!"

# ####.###########
#.(.....#....... ####### #.##
#.#.####.#
##.....#######.##^##.#.####.#
#....#.......#.##............
#..#.#.#...O....####.#.##...#
#..#......##@#..####.#.###).#
#####..###.#####.#.......#......#
...##..###.#####.##...#######...#
.............)...####.# #...#
.......##############.# #...#
#..%...#####.......)..# #...#
#......#.....##.##.#..# ####....
##.....#.....##.##.#†.#.>........
#.....#........##...............


You could see an ogre.

Vanquished Creatures
  An ogre (D:4)
  A howler monkey (D:4)
  2 hounds (D:4)
  An orc priest (D:3)
  2 bullfrog skeletons (D:4)
  An iguana (D:5)
  An orc wizard (D:5)
  4 worker ants
  2 killer bee zombies
  4 adders
  6 gnolls
  An ooze (D:3)
  3 worms
  A dart slug (D:1)
  5 leopard geckos
  16 orcs
  5 bats
  3 giant cockroaches
  9 goblins
  7 hobgoblins
  10 jackals
  A ball python (D:2)
  5 frilled lizards
  3 kobolds
  5 rats
99 creatures vanquished.

Vanquished Creatures (others)
  A plant (D:3)
  2 withered plants (D:3)
3 creatures vanquished.

Grand Total: 102 creatures vanquished

Notes
Turn   | Place    | Note
-------+----------+-------------------------------------------
     0 | D:1      | Grim the Mummy Gladiator began the quest for the Orb.
     0 | D:1      | Reached XP level 1. HP: 16/16 MP: 1/1
   132 | D:1      | Reached XP level 2. HP: 16/22 MP: 2/2
   604 | D:1      | Reached XP level 3. HP: 27/27 MP: 3/3
  2174 | D:3      | Reached XP level 4. HP: 33/33 MP: 4/4
  2679 | D:3      | Found an ancient bone altar of Kikubaaqudgha.
  2682 | D:3      | Found a blossoming altar of Fedhas.
  2914 | D:3      | Became a worshipper of Kikubaaqudgha
  3193 | D:4      | Reached skill level 5 in Staves
  3193 | D:4      | Reached XP level 5. HP: 26/38 MP: 5/5
  3639 | D:3      | Reached XP level 6. HP: 26/47 MP: 6/6
  3801 | D:4      | Found a hide-covered altar of Uskayaw.
  4263 | D:4      | Found a hazy altar of Hepliaklqana.
  4438 | D:4      | Reached skill level 5 in Fighting
  4452 | D:4      | Reached * piety under Kikubaaqudgha
  4452 | D:4      | Identified Kikubaaqudgha's Incunabulum of Necromancy
                  | (Kikubaaqudgha gifted it to you on level 4 of the Dungeon)
  4452 | D:4      | Received a gift from Kikubaaqudgha
  4588 | D:4      | Found Yrurat's Distillery.
  4647 | D:4      | Reached XP level 7. HP: 47/56 MP: 7/7
  4820 | D:4      | Reached skill level 1 in Necromancy
  5076 | D:4      | Learned a level 1 spell: Pain
  5080 | D:4      | Learned a level 3 spell: Vampiric Draining
  5137 | D:4      | Learned a level 1 spell: Animate Skeleton
  5151 | D:5      | Entered Level 5 of the Dungeon
  5488 | D:5      | Found a radiant altar of Vehumet.
  5492 | D:5      | Found a glowing silver altar of Zin.
  5515 | D:5      | Found a staircase to the Ecumenical Temple.
  5973 | D:5      | HP: 1/57 [ogre/giant club (21)]
  5974 | D:5      | Demolished by an ogre

Skill      XL: |  1  2  3  4  5  6  7 |
---------------+----------------------+-----
Staves         | 3 4 5 |  5.2
Fighting       | 3 5 |  5.6
Necromancy     | 1 |  1.9
Throwing       | |  1.5
Dodging        | |  2.4

Action                   |  1- 3 |  4- 6 |  7- 9 || total
-------------------------+-------+-------+-------++-------
Melee: Quarterstaff      |   138 |   185 |    76 ||   399
Throw: Throwing net      |       |     5 |     1 ||     6
 Cast: Pain              |       |       |     3 ||     3
       Animate Skeleton  |       |       |     1 ||     1
 Stab: Held in net/web   |       |     1 |       ||     1
Armor: Leather armour    |    42 |    38 |     7 ||    87
Dodge: Dodged            |    91 |   141 |    48 ||   280
